 Dungeon Crawl Stone Soup version 0.30-a0-986-g7f2e898f52 (webtiles) character file.

Game seed: 14331294944230829775

637737 LobsterGuardian the Ecstatic (level 26, -23/306 HPs)
             Began as a Demonspawn Fighter on Apr 1, 2023.
             Was a Believer of Uskayaw.
             Annihilated by a death cob (25 damage)
             ... on level 2 of the Realm of Zot.
             The game lasted 04:05:59 (62608 turns).

LobsterGuardian the Ecstatic (Demonspawn Fighter)  Turns: 62608, Time: 04:06:00

Health: -23/306    AC: 21    Str: 24    XL:     26   Next: 39%
Magic:  30/30      EV: 25    Int:  7    God:    Uskayaw [**....]
Gold:   5430       SH: 34    Dex: 30    Spells: 24/27 levels left

rFire   + . .      SeeInvis +    s - +9 broad axe of Cugrygg {heavy, rC+ Dex+3}
rCold   + . .      Faith    .    w - +10 tower shield of Ignorance {rN+ Int-4}
rNeg    + + .      Spirit   .    c - +5 ring mail of Hedge Wizardry {Rampage MP-9 Dex+7}
rPois   +          Reflect  .    f - +1 hat {SInv}
rElec   .          Rampage  +    L - +2 cloak {rCorr}
rCorr   +                        (gloves unavailable)
Will    +++++                    K - +2 pair of boots {rampage}
Stlth   +                        q - amulet of Fallacy {RegenMP Fly rN+ Will+ Regen+}
HPRegen 1.51/turn                U - ring of Arorogon {rF+ Will+ Dex+2}
MPRegen 0.62/turn                m - ring "Quoripso" {Contam +Blink rPois Will++ rCorr}

@: on berserk cooldown, flying, contaminated, slowed, glowing, studying 2
skills, very slow
A: claws 3, molten scales 2, ignite blood 3, powered by pain 3, black mark,
bedeviling, aura of silence, talons 1, deformed body, robust 3, strong 1,
subdued magic 1, sturdy frame 1
}: 5/15 runes: decaying, serpentine, slimy, silver, abyssal
a: Renounce Religion, Evoke Blink, Stomp, Line Pass


You were on level 2 of the Realm of Zot.
You worshipped Uskayaw.
Uskayaw was extremely pleased with you.
You visited 10 branches of the dungeon, and saw 49 of its levels.
You visited the Abyss 2 times.
You visited 1 bazaar.
You also visited: Trove, Sewer, Gauntlet and Ice Cave.

You collected 10745 gold pieces.
You spent 5315 gold pieces at shops.

Inventory:

Hand Weapons
 s - the +9 broad axe of Cugrygg (weapon) {heavy, rC+ Dex+3}
   (You acquired it on level 15 of the Dungeon)

   Dex:       It affects your dexterity (+3).
   rC:        It protects you from cold.
Armour
 c - the +5 ring mail of Hedge Wizardry (worn) {Rampage MP-9 Dex+7}
   (You bought it in a shop on level 2 of the Orcish Mines)

   Dex:       It affects your dexterity (+7).
   MP:        It affects your magic capacity (-9).
   Rampage:   It bestows one free step when moving towards enemies.
 f - a +1 hat of see invisible (worn)
 w - the +10 tower shield of Ignorance (worn) {rN+ Int-4}
   (You found it on level 3 of the Elven Halls)

   Int:       It affects your intelligence (-4).
   rN:        It protects you from negative energy.
 K - a +2 pair of boots of rampaging (worn)
 L - a +2 cloak of preservation (worn)
Jewellery
 g - a ring of protection from cold
 m - the ring "Quoripso" (right claw) {Contam +Blink rPois Will++ rCorr}
   (You took it off a deep elf sorcerer on level 3 of the Elven Halls)

   [ring of resist corrosion]

   rPois:     It protects you from poison.
   +Blink:    It lets you blink.
   Contam:    It causes magical contamination when unequipped.
   rCorr:     It protects you from acid and corrosion.
   Will:      It greatly increases your willpower.
 q - the amulet of Fallacy (around neck) {RegenMP Fly rN+ Will+ Regen+}
   (You found it on level 3 of the Depths)

   [amulet of magic regeneration]

   It increases your rate of magic regeneration.
   rN:        It protects you from negative energy.
   Fly:       It grants you flight.
   Regen:     It increases your rate of health regeneration.
   Will:      It increases your willpower.
 D - a ring of protection from fire
 E - a ring of protection from cold
 I - a ring of flight
 J - a ring of poison resistance
 U - the ring of Arorogon (left claw) {rF+ Will+ Dex+2}
   (You found it on level 5 of the Lair of Beasts)

   [ring of protection from fire]

   Dex:       It affects your dexterity (+2).
   rF:        It protects you from fire.
   Will:      It increases your willpower.
 X - a ring of positive energy
 Y - a ring of protection from cold
 Z - a ring of protection from fire
Wands
 u - a wand of flame (79)
 A - a wand of light (21)
 B - a wand of polymorph (23)
 M - a wand of digging (13)
 N - a wand of charming (22)
 P - a wand of mindburst (11)
 S - a wand of iceblast (14)
Scrolls
 b - 4 scrolls of magic mapping
 e - 8 scrolls of enchant armour
 h - 9 scrolls of immolation
 j - 5 scrolls of silence
 r - 9 scrolls of fog
 t - 22 scrolls of teleportation
 v - 7 scrolls of fear
 x - 11 scrolls of poison
 y - 7 scrolls of amnesia
 Q - a scroll of torment
 W - 4 scrolls of brand weapon
Potions
 a - 2 potions of berserk rage
 d - 3 potions of haste
 i - 16 potions of curing
 k - 2 potions of might
 n - a potion of resistance
 o - 2 potions of brilliance
 p - 6 potions of lignification
 z - 2 potions of invisibility
 C - 10 potions of flight
 G - 7 potions of cancellation
 H - 3 potions of magic
 O - 5 potions of ambrosia


   Skills:
 + Level 25.4 Fighting
 * Level 23.0 Axes
 + Level 11.7 Armour
 + Level 14.0 Dodging
 + Level 16.8 Shields
 - Level 1.3 Spellcasting
 - Level 1.2 Air Magic
 + Level 25.6 Invocations
 - Level 1.4 Evocations


You had 24 spell levels left.
You knew the following spells:

 Your Spells              Type           Power      Damage    Failure   Level
a - Swiftness             Air            1%         N/A       93%         3

Your spell library contained the following spells:

 Spells                   Type           Power      Damage    Failure   Level
 Shock                    Conj/Air       4%         1d3       71%         1
 Apportation              Tloc           0%         N/A       80%         1
 Foxfire                  Conj/Fire      0%         2x1d2     80%         1
 Kiss of Death            Conj/Necr      0%         2d5       80%         1
 Necrotise                Necr           0%         1d4       80%         1
 Poisonous Vapours        Pois/Air       2%         N/A       83%         2
 Static Discharge         Conj/Air       2%         2-3/arc   83%         2
 Cigotuvi's Dreadful Rot  Necr/Pois/Air  0%         N/A       86%         2
 Passwall                 Tmut/Erth      0%         N/A       89%         2
 Ensorcelled Hibernation  Hex/Ice        0%         N/A       90%         2
 Lesser Beckoning         Tloc           0%         N/A       90%         2
 Vhi's Electric Charge    Tloc/Air       2%         N/A       97%         3
 Kindle Blastsparks       Fire/Tloc/Air  0%         2d10      98%         3
 Mephitic Cloud           Conj/Pois/Air  0%         N/A       98%         3
 Call Canine Familiar     Summ           0%         N/A       99%         3
 Confusing Touch          Hex            0%         N/A       99%         3
 Dazzling Flash           Conj/Hex       0%         N/A       99%         3
 Frozen Ramparts          Ice            0%         1d1       99%         3
 Gell's Gravitas          Tloc           0%         N/A       99%         3
 Hailstorm                Conj/Ice       0%         3d3       99%         3
 Inner Flame              Hex/Fire       0%         N/A       99%         3
 Ozocubu's Armour         Ice            0%         N/A       99%         3
 Portal Projectile        Hex/Tloc       0%         N/A       99%         3
 Spider Form              Tmut/Pois      0%         N/A       99%         3
 Stone Arrow              Conj/Erth      0%         3d7       99%         3
 Teleport Other           Tloc           0%         N/A       99%         3
 Tukima's Dance           Hex            0%         N/A       99%         3
 Airstrike                Air            0%         2d(1-17)  100%        4
 Anguish                  Hex/Necr       0%         N/A       100%        4
 Animate Armour           Summ/Erth      0%         N/A       100%        4
 Cause Fear               Hex            0%         N/A       100%        4
 Dispel Undead            Necr           0%         3d6       100%        4
 Fulminant Prism          Conj/Hex       0%         3d5       100%        4
 Ice Form                 Ice/Tmut       0%         N/A       100%        4
 Iskenderun's Mystic Bla  Conj/Tloc      0%         2d3       100%        4
 Passage of Golubria      Tloc           0%         N/A       100%        4
 Summon Ice Beast         Ice/Summ       0%         N/A       100%        4
 Summon Lightning Spire   Summ/Air       1%         N/A       100%        4
 Agony                    Necr           0%         N/A       100%        5
 Alistair's Intoxication  Tmut/Pois      0%         N/A       100%        5
 Arcjolt                  Conj/Air       0%         1d10      100%        5
 Blade Hands              Tmut           0%         N/A       100%        5
 Fireball                 Conj/Fire      0%         3d3       100%        5
 Freezing Cloud           Conj/Ice/Air   0%         6-21      100%        5
 Iskenderun's Battlesphe  Conj           0%         2d6       100%        5
 Lee's Rapid Deconstruct  Erth           0%         3d4*      100%        5
 Metabolic Englaciation   Hex/Ice        0%         N/A       100%        5
 Plasma Beam              Fire/Air       0%         2x1d7     100%        5
 Silence                  Hex/Air        0%         N/A       100%        5
 Yara's Violent Unravell  Hex/Tmut       0%         3d3       100%        5
 Conjure Ball Lightning   Conj/Air       0%         3x3d6     100%        6
 Eringya's Noxious Bog    Tmut/Pois      0%         N/A       100%        6
 Iron Shot                Conj/Erth      0%         9d1       100%        6
 Simulacrum               Ice/Necr       0%         N/A       100%        6
 Starburst                Conj/Fire      0%         6d3       100%        6
 Dragon Form              Tmut           0%         N/A       100%        7
 Haunt                    Necr/Summ      0%         N/A       100%        7
 Orb of Destruction       Conj           0%         9d5       100%        7
 Spellforged Servitor     Conj/Summ      0%         N/A       100%        7
 Summon Hydra             Summ           0%         N/A       100%        7
 Discord                  Hex            0%         N/A       100%        8
 Disjunction              Tloc           0%         N/A       100%        8
 Lehudib's Crystal Spear  Conj/Erth      0%         10d2      100%        8
 Maxwell's Capacitive Co  Air            0%         ∞         100%        8
 Death's Door             Necr           0%         N/A       100%        9
 Dragon's Call            Summ           0%         N/A       100%        9
 Polar Vortex             Ice            0%         N/A       100%        9


Dungeon Overview and Level Annotations

Branches:
Dungeon (15/15)            Temple (0/1) D:4            Lair (5/5) D:8
  Swamp (4/4) Lair:2        Snake (4/4) Lair:3        Slime (5/5) Lair:4
    Orc (2/2) D:10            Elf (3/3) Orc:2        Vaults (5/5) D:13
  Crypt (0/3) Vaults:3     Depths (4/4) D:15            Zot (2/5) Depths:4
  Sewer (visited)           IceCv (visited)         Gauntlet (visited)

Altars:
Ashenzari
Cheibriados
Dithmenos
Fedhas
Gozag
Hepliaklqana
Kikubaaqudgha
Makhleb
Okawaru
Qazlal
Sif Muna
Trog
Uskayaw
Vehumet
Wu Jian
Yredelemnul
Jiyva

Shops:
D:9 (*   D:13 =   Orc:2 *:(***   Elf:1 !   Elf:2 [**   Elf:3 (   Snake:2 :
Snake:3 ?!:(   Snake:4 *   Vaults:1 ?   Vaults:5 ??!??   Depths:1 (
Depths:2 :=:

Portals:
Hell: Depths:1 Depths:2 Depths:3 Depths:4
Abyss: Depths:2 Depths:3 Depths:4
Pandemonium: Depths:1 Depths:2
Ziggurat: Depths:3

Annotations:
Depths:1 1 runed translucent door, Tutea's ghost, adept TrMo


Innate Abilities, Weirdness & Mutations

You have claws for hands.
You are mostly covered in molten scales. (AC +3)
Your demonic aura causes all spilled blood to erupt in flames.
You are powered by pain.
Your melee attacks may debilitate your foes.
Your hexes are more powerful.
You are surrounded by an aura of silence.
You have sharp toenails.
Armour fits poorly on your strangely shaped body.
You are extremely robust. (+30% HP)
Your muscles are strong. (Str +4, Int/Dex -1)
Your spells are a little easier to cast, but a little less powerful.
Your movements are slightly less encumbered by armour. (ER -2)


Message History

* * * LOW HITPOINT WARNING * * *
Your death cob closely misses the quicksilver dragon.
Your death cob hits the white draconian!!
The white draconian is engulfed in blazing flames.
You kill the white draconian!
The death cob barely misses you. The red draconian breathes fire at you.
The searing blast hits your death cob!! The searing blast misses you.
The white draconian is engulfed in blazing flames.
You kill the white draconian!
The green draconian is engulfed in blazing flames.
The quicksilver dragon completely misses your death cob.
The quicksilver dragon claws your death cob!
The electric golem completely misses you. x2
The electric golem misses you.
The electric golem hits you but does no damage.
Your Dodging skill increases to level 14!
Unknown command.
You swap places.
Your death cob hits the quicksilver dragon!!
Your death cob hits the quicksilver dragon.
The quicksilver dragon is engulfed in blazing flames.
The quicksilver dragon barely misses your death cob. x2
You block the death cob's attack.
The green draconian is engulfed in blazing flames.
The green draconian barely misses your death cob.
The green draconian closely misses your death cob.
You block the electric golem's attack. The electric golem hits you.
* * * LOW HITPOINT WARNING * * *
The electric golem shocks you!
* * * LOW HITPOINT WARNING * * *
The electric golem hits you.
* * * LOW HITPOINT WARNING * * *
You block the electric golem's attack.
Your death cob hits the quicksilver dragon.
The quicksilver dragon is engulfed in blazing flames.
The quicksilver dragon closely misses your death cob.
The quicksilver dragon barely misses your death cob.
The death cob hits you!!
You die...

.. #.....# .#
#....##.....##!#
#.....#...9....#
##............d.#
...........d/⌠d.##
..q....d.d.§##..#
!##....y#..##..#
#§#...dd#dd#☼..### .
#.#.....#.○dz.@9.##....
##...†.dq#○°q..zD.....[.
#......dd##.°...D#......
.##.^#.....#......z......
#......<.#.^.............
##..d.9§§.#.....####. ..#
##..dd....#.....###....#
##d§.§...........⌠... .
##..>z...)..........[


You could see an electric golem (unsilenced, ally target), a black draconian
knight (invisible), 2 draconians, a green draconian (berserk), a red draconian
(ally target), a white draconian, a death cob (corroded), a quicksilver dragon
(berserk, distracted, corroded, ally target), a friendly shadow dragon
(summoned, unsilenced) and 2 friendly death cobs.

Vanquished Creatures
  the Royal Jelly (Slime:5)
  A juggernaut (Depths:4)
  Mara (Swamp:3)
  Vv (Depths:3)
  Boris (Depths:3)
  Vashnia (Snake:2)
  Nikola (Snake:2)
  A pearl dragon (Depths:3)
  3 bone dragons
  4 golden dragons
  2 electric golems
  5 tentacled monstrosities
  4 liches
  Mlioglotl (Snake:3)
  4 quicksilver dragons
  9 titans
  2 deep elf master archers (Elf:3)
  3 deep elf blademasters
  25 acid blobs
  2 walking divine tomes (Depths:2)
  10 sphinxes
  A walking frostbound tome (Depths:2)
  Frances (D:13)
  2 tentacled starspawn (Abyss:4)
  Gastronok (D:8)
  2 draconian monks (Zot:1)
  7 shadow dragons
  3 death cobs
  Agnes (D:15)
  8 storm dragons
  8 tengu reavers
  7 fire giants
  Kirke (Snake:2)
  8 nagarajas (Snake:4)
  Donald (Snake:4)
  10 rockslimes
  13 frost giants
  10 azure jellies
  2 draconian knights (Zot:1)
  A balrug (Depths:1)
  2 iron dragons (Vaults:5)
  An emperor scorpion (shapeshifter) (Vaults:4)
  8 deep elf sorcerers
  23 vault wardens
  4 draconian scorchers (Zot:1)
  A ghost moth (Vaults:1)
  3 deep elf elementalists
  A caustic shrike zombie (Depths:3)
  5 draconian shifters (Zot:1)
  2 spriggan defenders (Depths:2)
  3 ghouls
  The ghost of jasper the Dancer, a journeyman DsGl of Uskayaw (Orc:2)
  A cacodemon (Abyss:3)
  2 war gargoyles
  20 ironbound preservers
  13 quicksilver oozes
  A draconian annihilator (Zot:1)
  28 very ugly things
  5 orc warlords
  13 stone giants
  2 draconian stormcallers
  5 green draconians (Zot:1)
  The ghost of FizzleBangTC the Eclecticist, a journeyman MeEE of Vehumet (Snake:4)
  2 ironbound thunderhulks
  An ophan (Depths:3)
  Nessos (D:13)
  3 eleionomae
  An apis (Depths:3)
  10 dire elephants
  7 vampire knights
  10 deep elf annihilators
  7 deep elf demonologists
  5 red draconians (Zot:1)
  5 black draconians
  7 bunyips
  A minotaur (Gauntlet)
  5 yellow draconians
  5 white draconians
  2 purple draconians (Zot:1)
  7 ettins
  Snorg (Orc:1)
  A shambling mangrove (Swamp:1)
  6 fire dragons
  3 entropy weavers
  A crystal guardian (Vaults:2)
  A green death (Abyss:4)
  8 deep elf death magi
  4 deep elf high priests
  45 vault guards
  9 yaktaur captains
  9 great orbs of eyes
  9 ice dragons
  3 rakshasas
  2 peacekeepers
  Fannar (Lair:2)
  12 hydras
  A hydra (shapeshifter) (Vaults:5)
  A salamander tyrant (Snake:4)
  7 spriggan air magi
  10 anacondas
  2 ogre magi
  21 centaur warriors
  2 ghost crabs
  13 alligators
  5 boulder beetles
  4 deep troll shamans
  10 two-headed ogres
  3 death yaks (Lair:5)
  33 dancing weapons
  11 ironbound frosthearts
  18 naga warriors
  Urug (D:11)
  4 deep troll earth magi
  5 tengu warriors
  2 vampire magi
  2 orc high priests
  9 shock serpents
  3 thrashing horrors (Abyss:4)
  3 spriggan berserkers
  5 wretched stars (Abyss:4)
  13 naga sharpshooters
  Nergalle (D:11)
  24 deep elf knights
  2 sixfirhies
  2 skysharks
  A fire crab (shapeshifter) (Vaults:5)
  5 goliath frogs
  8 hell knights
  2 iron trolls
  4 salamander mystics
  A spatial maelstrom (Abyss:4)
  Lodul (D:10)
  5 skeletal warriors
  A deep troll (shapeshifter) (Vaults:5)
  3 flayed ghosts
  11 sea snakes (Snake:4)
  2 spectral anacondas (Snake:3)
  2 glowing orange brains
  8 large abominations
  67 deep trolls
  3 swamp dragons
  5 spriggan druids
  15 orc knights
  10 naga ritualists
  3 spectral hydras (Swamp:4)
  An obsidian statue (Snake:4)
  10 bog bodies
  18 wizards
  16 ironbound convokers
  4 harpies (Vaults:3)
  8 deep elf archers
  36 deep elf zephyrmancers
  18 lindwurms
  An anaconda skeleton (Snake:3)
  8 phantasmal warriors
  38 deep elf pyromancers
  A shadow dragon zombie (Depths:3)
  A golden dragon skeleton (Vaults:4)
  10 orc sorcerers
  34 ugly things
  10 mana vipers
  5 necromancers
  17 salamanders
  A mana viper (shapeshifter) (Vaults:4)
  5 manticores
  A wolf spider (Lair:5)
  6 will-o-the-wisps
  12 moths of wrath
  30 black mambas
  22 elephants
  An iron dragon skeleton (Depths:3)
  7 shining eyes
  An elephant (shapeshifter) (Vaults:5)
  20 vault sentinels
  5 cyclopes
  3 centaur zombies (D:15)
  24 naga magi
  A black mamba (shapeshifter) (Vaults:1)
  7 guardian serpents
  A guardian serpent (shapeshifter) (D:13)
  A water nymph (shapeshifter) (Vaults:5)
  3 eyes of devastation
  2 orange demons
  10 cane toads
  2 gargoyles
  An eye of devastation (shapeshifter) (Vaults:5)
  4 smoke demons
  6 torpor snails (Lair:5)
  A cane toad (shapeshifter) (Vaults:5)
  An unseen horror (shapeshifter) (D:15)
  A hellion (Abyss:3)
  A centaur skeleton (D:15)
  3 spectral sea snakes (Snake:3)
  2 kobold demonologists
  3 unseen horrors (Depths:2)
  4 swamp worm zombies (Swamp:4)
  4 tengu conjurers
  An efreet (Gauntlet)
  24 yaktaurs
  6 komodo dragons
  A human skeleton (Vaults:1)
  6 freezing wraiths
  2 ancient zymes (Abyss:4)
  A silent spectre (Abyss:4)
  7 rime drakes
  4 hydra zombies (Swamp:4)
  8 trolls
  9 tyrant leeches
  4 bloated husks
  A spectral guardian serpent (Snake:3)
  17 blink frogs
  A polar bear (shapeshifter) (D:14)
  2 polar bears
  16 hornets
  A raiju (Abyss:4)
  Prince Ribbit (D:6)
  A tengu simulacrum (Vaults:4)
  A spectral swamp dragon (Swamp:4)
  A sphinx simulacrum (Vaults:4)
  A hydra skeleton (Abyss:4)
  2 dream sheep (Lair:5)
  A human simulacrum (Vaults:1)
  4 alligator zombies (Swamp:4)
  A jumping spider (Vaults:5)
  5 wraiths
  122 slime creatures
  A vampire (D:12)
  15 water elementals
  8 air elementals
  2 hogs (Snake:2)
  2 shadows
  8 spriggans
  22 yaks
  A ynoxinul (Abyss:3)
  26 starcursed masses
  2 wyverns
  7 chaos spawn
  3 humans
  14 redbacks
  4 golden eyes
  11 fire elementals
  4 basilisks
  2 death yak simulacra (IceCv)
  A sea snake simulacrum (Snake:3)
  2 steam dragons
  5 vampire mosquitoes
  2 redbacks (shapeshifter)
  A glowing shapeshifter zombie (Vaults:4)
  A harpy simulacrum (IceCv)
  5 wargs
  The ghost of Dittersdorf the Shield-Bearer, an amateur GrFi (D:3)
  12 swamp worms
  A swamp worm (shapeshifter) (Vaults:4)
  43 nagas
  10 water moccasins
  3 naga skeletons (Snake:3)
  2 hell hounds (Gauntlet)
  A floating eye (Depths:4)
  A meliai simulacrum (D:15)
  A guardian serpent simulacrum (Snake:3)
  20 orc warriors
  5 swamp drakes
  An ice beast (D:6)
  4 sky beasts
  4 black bears
  An ettin simulacrum (Orc:2)
  A black bear (shapeshifter) (D:13)
  2 swamp dragon zombies (Swamp:4)
  19 ogres
  7 boggarts
  17 wolves
  25 centaurs
  9 phantoms
  A kobold brigand (D:8)
  13 bullfrogs
  5 earth elementals
  A gnoll sergeant (D:10)
  2 naga simulacra (Snake:3)
  2 cane toad simulacra
  A scorpion (D:5)
  6 small abominations
  2 elephant simulacra
  A spectral naga (Snake:3)
  44 killer bees
  A howler monkey (shapeshifter) (Elf:3)
  3 howler monkeys
  3 electric eels
  2 hounds
  7 jellies
  18 orc priests
  3 gnoll boudas
  2 iguanas
  3 sleepcaps
  24 orc wizards
  A spectral swamp drake (Swamp:4)
  A polar bear simulacrum (IceCv)
  2 spectral orcs (Orc:2)
  A hell rat (Sewer)
  A wolf simulacrum (Lair:4)
  17 gnolls
  10 adders
  An ogre simulacrum (Orc:2)
  2 river rats (Sewer)
  3 swamp drake zombies (Swamp:4)
  2 shadow imps
  A white imp (D:5)
  5 orc simulacra (Orc:2)
  5 ufetubi
  4 dart slugs
  88 orcs
  5 endoplasms
  A giant cockroach (D:3)
  6 goblins
  6 hobgoblins
  7 kobolds
  4 quokkas
  8 ball pythons
  9 bats
  A frilled lizard (D:3)
  11 rats
  3 starspawn tentacles (Abyss:4)
2253 creatures vanquished.

Vanquished Creatures (collateral kills)
  An ogre mage (D:15)
  A two-headed ogre (D:15)
  A killer bee (D:8)
3 creatures vanquished.

Vanquished Creatures (others)
  2 doom hounds (Depths:3)
  Grunn (Depths:3)
  A deep troll (Vaults:1)
  A hydra zombie (Swamp:4)
  3 bloated husks
  A tyrant leech (Swamp:1)
  A human (Snake:2)
  A shadow (D:11)
  An orc wizard (Orc:2)
  16 foxfires
  14 fungi
  66 plants
  7 starspawn tentacles (Abyss:4)
  A withered plant (D:7)
116 creatures vanquished.

Grand Total: 2372 creatures vanquished

Notes
Turn   | Place    | Note
-------+----------+-------------------------------------------
     0 | D:1      | LobsterGuardian the Demonspawn Fighter began the quest for
                  | the Orb.
     0 | D:1      | Reached XP level 1. HP: 18/18 MP: 1/1
   144 | D:1      | Gained mutation: You sometimes gain a little power by
                  | taking damage. [demonic ancestry]
   144 | D:1      | Reached XP level 2. HP: 22/24 MP: 2/2
   707 | D:2      | Reached XP level 3. HP: 29/29 MP: 3/3
  1366 | D:3      | Gained mutation: You are partially covered in molten
                  | scales. (AC +2) [demonic ancestry]
  1366 | D:3      | Reached XP level 4. HP: 22/35 MP: 4/4
  1547 | D:3      | Found a hide-covered altar of Uskayaw.
  1565 | D:3      | Became a worshipper of Uskayaw the Reveller
  1682 | D:3      | Found a runed translucent gate.
  1682 | D:3      | Found a runed translucent gate.
  1683 | D:3      | Found a runed translucent gate.
  1686 | D:3      | Noticed Dittersdorf's ghost (amateur GrFi)
  1734 | D:3      | Reached * piety under Uskayaw
  1791 | D:3      | Found a faded altar of an unknown god.
  1856 | D:3      | Reached ** piety under Uskayaw
  2487 | D:4      | Found a staircase to the Ecumenical Temple.
  2538 | D:4      | Reached skill level 1 in Invocations
  2670 | D:4      | Reached XP level 5. HP: 30/41 MP: 5/5
  2676 | D:4      | Reached *** piety under Uskayaw
  2793 | D:4      | Found an ornate altar of the Wu Jian Council.
  2970 | D:4      | Noticed an ogre
  2991 | D:5      | Entered Level 5 of the Dungeon
  3027 | D:5      | Found a snail-covered altar of Cheibriados.
  3094 | D:5      | Reached **** piety under Uskayaw
  3095 | D:5      | Reached XP level 6. HP: 20/48 MP: 7/7
  3176 | D:5      | Reached skill level 5 in Axes
  3256 | D:5      | Found a stormy altar of Qazlal.
  3279 | D:5      | Found a glowing drain.
  3288 | Sewer    | Entered a sewer
  3557 | D:5      | Gained mutation: You sometimes gain power by taking damage.
                  | [demonic ancestry]
  3557 | D:5      | Reached XP level 7. HP: 41/53 MP: 4/9
  3819 | D:4      | Found an iron altar of Okawaru.
  3914 | D:4      | Reached skill level 1 in Dodging
  4008 | D:4      | Found a bloodstained altar of Trog.
  4716 | D:6      | Reached XP level 8. HP: 49/60 MP: 6/11
  4724 | D:6      | Reached ***** piety under Uskayaw
  4736 | D:6      | Reached ****** piety under Uskayaw
  4861 | D:6      | Found an ancient bone altar of Kikubaaqudgha.
  5427 | D:6      | Noticed Prince Ribbit
  5438 | D:6      | Killed Prince Ribbit
  5439 | D:6      | Reached skill level 5 in Invocations
  5745 | D:7      | Reached XP level 9. HP: 47/66 MP: 8/13
  6038 | D:7      | Found a basalt altar of Yredelemnul.
  6524 | D:8      | Noticed Gastronok
  6540 | D:8      | Killed Gastronok
  6541 | D:8      | Reached skill level 5 in Fighting
  6541 | D:8      | Reached skill level 10 in Axes
  6542 | D:8      | Gained mutation: You are mostly covered in molten scales.
                  | (AC +3) [demonic ancestry]
  6542 | D:8      | Reached XP level 10. HP: 23/74 MP: 6/15
  6805 | D:8      | Found an opulent altar of Gozag.
  6921 | D:8      | Found a shimmering blue altar of Sif Muna.
  7277 | D:8      | Found a staircase to the Lair.
  7294 | D:8      | Found a hazy altar of Hepliaklqana.
  7974 | D:8      | Noticed an elephant
  8122 | D:9      | Paralysed by a hornet for 1 turns
  8349 | D:9      | Found Zotabent's Neck Hole.
  8355 | D:9      | Bought an amulet of regeneration for 390 gold pieces
  8381 | D:9      | Found Zont's Weapon Emporium.
  9069 | D:10     | Entered Level 10 of the Dungeon
  9070 | D:10     | Noticed a two-headed ogre
  9084 | D:10     | Killed a two-headed ogre
  9214 | D:10     | Found a staircase to the Orcish Mines.
  9503 | D:10     | Gained mutation: Your demonic aura sometimes causes spilled
                  | blood to erupt in flames. [demonic ancestry]
  9503 | D:10     | Reached XP level 11. HP: 74/81 MP: 11/18
  9623 | D:10     | Reached skill level 5 in Dodging
  9660 | D:10     | Noticed Lodul
  9716 | D:10     | Reached skill level 5 in Shields
  9719 | D:10     | Killed Lodul
  9730 | D:10     | Reached skill level 10 in Invocations
 10008 | D:10     | Found a radiant altar of Vehumet.
 10209 | D:10     | Learned a level 3 spell: Spider Form
 10295 | D:11     | Noticed Nergalle
 10324 | D:11     | Killed Nergalle
 10438 | D:11     | Noticed Urug
 10463 | D:11     | Killed Urug
 10521 | D:11     | Identified the +0 leather armour "Moynatib" {Str+5}
 10732 | D:11     | Noticed a two-headed ogre
 10746 | D:11     | Killed a two-headed ogre
 10845 | D:11     | Noticed a centaur warrior
 10858 | D:11     | Killed a centaur warrior
 11024 | D:11     | Found a viscous altar of Jiyva.
 11280 | D:12     | Noticed a boulder beetle
 11336 | D:12     | Killed a boulder beetle
 11437 | D:12     | Noticed a deep elf pyromancer
 11603 | Lair:1   | Entered Level 1 of the Lair of Beasts
 11630 | Lair:1   | Gained mutation: Your demonic aura often causes spilled
                  | blood to erupt in flames. [demonic ancestry]
 11630 | Lair:1   | Reached XP level 12. HP: 26/91 MP: 16/20
 12318 | Lair:1   | Reached skill level 5 in Armour
 12915 | Lair:2   | Noticed a boulder beetle
 12937 | Lair:2   | Killed a boulder beetle
 13167 | Lair:2   | Noticed Fannar
 13179 | Lair:2   | Killed Fannar
 13485 | Lair:2   | Found a staircase to the Swamp.
 13845 | Lair:3   | Found a staircase to the Snake Pit.
 13906 | Lair:3   | Reached XP level 13. HP: 96/101 MP: 18/22
 14316 | D:8      | Got Kask's Compendium of the Traveller
 14556 | Lair:3   | You fall into a shaft and drop 2 floors!
 14556 | Lair:5   | Entered Level 5 of the Lair of Beasts
 14710 | Lair:4   | Found a frozen archway.
 14727 | IceCv    | Entered an ice cave
 14774 | IceCv    | Found a transporter.
 14793 | IceCv    | Found a transporter.
 14925 | Lair:4   | Reached skill level 10 in Fighting
 15216 | Lair:4   | Found a viscous altar of Jiyva.
 15217 | Lair:4   | Found a staircase to the Slime Pits.
 16642 | Lair:5   | Reached XP level 14. HP: 63/113 MP: 24/24
 16693 | Lair:5   | Identified the +9 short sword "Hukotis" {speed, Int+5}
 16915 | Lair:5   | Found a runed translucent door.
 17070 | Lair:5   | Identified the ring of Pisy {rElec rC- MP+9 Slay+6 SInv}
 17140 | Lair:5   | Identified the ring of Arorogon {rF+ Will+ Dex+2}
 18505 | D:13     | Noticed Nessos
 18519 | D:13     | Killed Nessos
 18696 | D:13     | Found a gate to the Vaults.
 18741 | D:13     | Reached skill level 15 in Axes
 18939 | D:13     | Found Basud's Jewellery Boutique.
 18963 | D:13     | Noticed Frances
 18971 | D:13     | Killed Frances
 19105 | D:13     | Identified the +1 buckler of Life {+Blink Str+2 Int+3}
 19694 | D:13     | Upgraded the game from 0.30-a0-972-gf3ab3527aa to
                  | 0.30-a0-986-g7f2e898f52
 20043 | D:14     | Found a broken altar of Ashenzari.
 20450 | D:14     | Identified a scroll of acquirement
 20456 | D:15     | Entered Level 15 of the Dungeon
 20482 | D:15     | Noticed Agnes
 20492 | D:15     | Killed Agnes
 20493 | D:15     | Gained mutation: You have sharp fingernails. [demonic
                  | ancestry]
 20493 | D:15     | Reached XP level 15. HP: 83/122 MP: 21/25
 20901 | D:15     | Found a shadowy altar of Dithmenos.
 21109 | D:15     | Found a staircase to the Depths.
 21226 | D:15     | Found a portal to a secret trove of treasure.
 21276 | D:15     | Reached skill level 15 in Invocations
 21409 | D:15     | Acquired the +9 broad axe of Cugrygg {heavy, rC+ Dex+3}
 21532 | Orc:1    | Entered Level 1 of the Orcish Mines
 21542 | Orc:1    | Noticed Snorg
 21547 | Orc:1    | Killed Snorg
 21712 | Orc:2    | Entered Level 2 of the Orcish Mines
 21768 | Orc:2    | Found a gate leading to a gauntlet.
 21777 | Gauntlet | Entered a Gauntlet
 21777 | Gauntlet | Found a transporter.
 21777 | Gauntlet | Found a transporter.
 21777 | Gauntlet | Found a transporter.
 21778 | Gauntlet | Found a transporter.
 21781 | Gauntlet | Found a transporter.
 21781 | Gauntlet | Found a transporter.
 21791 | Gauntlet | Found a transporter.
 21795 | Gauntlet | Found a transporter.
 21811 | Gauntlet | Found a transporter.
 21812 | Gauntlet | Found a transporter.
 21832 | Gauntlet | Found a transporter.
 21834 | Gauntlet | Found a transporter.
 22179 | Gauntlet | Identified the +1 flail of the Salmon {flame, *Noise rPois
                  | rC+}
 22275 | Gauntlet | Identified the +6 ring mail "Mippiw" {Harm +Inv Will+
                  | Stlth+}
 22280 | Gauntlet | Identified the +0 pair of boots "Xaitak" {rC+}
 22440 | Orc:2    | Found Ytuschuoh's Assorted Antiques.
 22443 | Orc:2    | Found Afuhue Mutu's General Store.
 22452 | Orc:2    | Found Ziluakapn's Antique Weapon Emporium.
 22457 | Orc:2    | Found Jishranits's Book Emporium.
 22524 | Orc:2    | Found a staircase to the Elven Halls.
 22528 | Orc:2    | Found a runed translucent gate.
 22528 | Orc:2    | Found a runed translucent gate.
 22528 | Orc:2    | Found a runed translucent gate.
 22647 | Orc:2    | Noticed jasper's ghost (journeyman DsGl)
 22868 | Orc:2    | Found Guikhatit's General Store.
 22883 | Orc:2    | Bought the +5 ring mail of Hedge Wizardry {Rampage MP-9
                  | Dex+7} for 477 gold pieces
 22883 | Orc:2    | Bought a scroll of acquirement for 780 gold pieces
 22896 | Orc:2    | Acquired a manual of Maces & Flails
 23069 | Orc:2    | Found Istiloa's Assorted Antiques.
 23072 | Orc:2    | Bought a scorched hand axe for 248 gold pieces
 23072 | Orc:2    | Identified the +5 hand axe of Sloth {flame, rC- rN+ Dex+5}
                  | (You bought it in a shop on level 2 of the Orcish Mines)
 23114 | Orc:2    | Killed jasper's ghost
 23848 | Snake:1  | Entered Level 1 of the Snake Pit
 24129 | Snake:1  | Found a transporter.
 24130 | Snake:1  | Found a transporter.
 24237 | Snake:1  | Found a transporter.
 24245 | Snake:1  | Found a transporter.
 24308 | Snake:1  | Found a transporter.
 24312 | Snake:1  | Found a transporter.
 24823 | Snake:2  | Noticed Kirke
 24831 | Snake:2  | Killed Kirke
 24935 | Snake:2  | Noticed Nikola
 24941 | Snake:2  | Killed Nikola
 24942 | Snake:2  | Gained mutation: You have very sharp fingernails. [demonic
                  | ancestry]
 24942 | Snake:2  | Reached XP level 16. HP: 97/132 MP: 24/28
 25106 | Snake:2  | Found Eles Pea's Book Emporium.
 25111 | Snake:2  | Bought a book of Air for 264 gold pieces
 25116 | Snake:2  | Learned a level 3 spell: Swiftness
 25167 | Snake:2  | Noticed Vashnia
 25285 | Snake:2  | HP: 4/132 [Vashnia/bolt (26)]
 25439 | Swamp:1  | Entered Level 1 of the Swamp
 25447 | Swamp:1  | Reached skill level 1 in Evocations
 26068 | Swamp:1  | Acquired the amulet of the Raven {Faith Fragile Int+2
                  | Slay+3 Stlth+}
 26754 | Swamp:2  | Gained mutation: You expend magic power (3 MP) to
                  | strengthen your wands. [potion of mutation]
 26754 | Swamp:2  | Gained mutation: Your mind is acute. (Int +4, Str/Dex -1)
                  | [potion of mutation]
 26754 | Swamp:2  | Gained mutation: Your spells are a little easier to cast,
                  | but a little less powerful. [potion of mutation]
 26754 | Swamp:2  | Gained mutation: Your system is resistant to poisons.
                  | (rPois) [potion of mutation]
 27031 | Swamp:3  | Noticed Mara
 27038 | Swamp:3  | Noticed LobsterGuardian's illusion
 27442 | Depths:1 | Entered Level 1 of the Depths
 27465 | Depths:1 | Found an iron altar of Okawaru.
 27470 | Depths:1 | Noticed a lich
 27680 | Elf:1    | Entered Level 1 of the Elven Halls
 27904 | Elf:1    | Found Raeguh's Distillery.
 27948 | Elf:1    | Reached XP level 17. HP: 106/140 MP: 29/29
 28530 | Elf:1    | Paralysed by an air elemental for 1 turns
 28533 | Elf:1    | Reached skill level 15 in Fighting
 28640 | Elf:1    | Got Jobreteu's Textbook on Clouds
 29130 | Elf:2    | Found Tulotyst's General Store.
 29344 | Elf:2    | Found Dehum's Antique Armour Shoppe.
 29464 | Elf:2    | Found a runed translucent gate.
 29464 | Elf:2    | Found a runed translucent gate.
 29464 | Elf:2    | Found a runed translucent gate.
 29552 | Elf:2    | Found Tiafack's CLEARANCE SALE!.
 29558 | Elf:2    | Bought a scroll of poison for 8 gold pieces
 29558 | Elf:2    | Bought a wand of iceblast (6) for 28 gold pieces
 29558 | Elf:2    | Bought a scroll of magic mapping for 15 gold pieces
 29558 | Elf:2    | Bought a tin of tremorstones (2/2) for 80 gold pieces
 29669 | Elf:3    | Entered Level 3 of the Elven Halls
 29681 | Elf:3    | Reached skill level 1 in Spellcasting
 29709 | Elf:3    | Reached skill level 1 in Air Magic
 29769 | Elf:3    | Found Baibi's Weapon Shoppe.
 30496 | Abyss:3  | Cast into level 3 of the Abyss (a deep elf sorcerer)
 30498 | Abyss:3  | Found a corrupted altar of Lugonu.
 30515 | Elf:3    | Escaped the Abyss
 31050 | Snake:2  | Killed Vashnia
 31931 | Snake:3  | Noticed Mlioglotl
 32010 | Snake:3  | Reached XP level 18. HP: 145/151 MP: 31/31
 32092 | Snake:3  | Killed Mlioglotl
 32498 | Snake:3  | Found Cifek's Antique Weapon Shop.
 32499 | Snake:3  | Found Bur Idu's Book Shop.
 32499 | Snake:3  | Found Folutal's Distillery.
 32502 | Snake:3  | Found Vocylet's Magic Scroll Boutique.
 33000 | Snake:4  | Entered Level 4 of the Snake Pit
 33240 | Snake:4  | Found a runed translucent gate.
 33240 | Snake:4  | Found a runed translucent gate.
 33241 | Snake:4  | Found a runed translucent gate.
 33251 | Snake:4  | Found an opulent altar of Gozag.
 33392 | Snake:4  | Identified the +1 kite shield "Nepran" {-Cast Harm rC+
                  | Dex+3}
 33392 | Snake:4  | Noticed Donald
 33401 | Snake:4  | Killed Donald
 34536 | Snake:4  | Reached skill level 10 in Armour
 35030 | Snake:4  | Got a serpentine rune of Zot
 35335 | Snake:4  | Found Zaixoapo's Assorted Antiques.
 35335 | Snake:4  | Found Malasis's Assorted Antiques.
 35336 | Snake:4  | Noticed FizzleBangTC's ghost (journeyman MeEE)
 35813 | Swamp:3  | Reached XP level 19. HP: 134/161 MP: 31/33
 35818 | Swamp:3  | Reached skill level 10 in Dodging
 36119 | Swamp:3  | Found a burning altar of Makhleb.
 36227 | Swamp:3  | Noticed LobsterGuardian's illusion
 36228 | Swamp:3  | Killed Mara
 36488 | Swamp:4  | Entered Level 4 of the Swamp
 37422 | Swamp:4  | Noticed a bone dragon
 37435 | Swamp:4  | Killed a bone dragon
 37594 | Swamp:4  | Identified the +4 halberd "Joadeaho" {heavy, rC+ Int+4}
 37623 | Swamp:4  | Got a decaying rune of Zot
 39076 | Elf:3    | Noticed a Brimstone Fiend
 39108 | Elf:3    | Identified the ring "Quoripso" {Contam +Blink rPois Will++
                  | rCorr}
 39113 | Elf:3    | Identified the +1 great sword of Abomination {freeze, rF+
                  | Dex+3}
 39128 | Elf:3    | Identified the staff of fire "Bam Heud" {rF+ Str+2}
 39130 | Elf:3    | Got the Elucidation of Twinkling Malignant Rites
 39135 | Elf:3    | Identified the +2 plate armour of Ignis {*Corrode rPois rN+
                  | Str+2}
 39260 | Elf:3    | Got the Directory of Gaseous Degeneration
 39263 | Elf:3    | Identified the +4 rapier "Koahya" {speed, rPois rCorr}
 39275 | Elf:3    | Identified the +8 long sword of Tortfeasance {venom, *Rage
                  | rElec Dex+3 SInv}
 39489 | Elf:3    | Identified the ring of Ylyrar {rCorr Int+4}
 39523 | Elf:3    | Identified the +3 crystal plate armour of Yvamon {Fly
                  | Str+5}
 40324 | Elf:3    | Found the +10 tower shield of Ignorance {rN+ Int-4}
 40342 | Elf:3    | Identified the +0 cloak of Hospitality {Slay+2}
 40364 | Elf:3    | Lost mutation: Your mind is acute. (Int +4, Str/Dex -1)
                  | [potion of mutation]
 40364 | Elf:3    | Lost mutation: Your system is resistant to poisons. (rPois)
                  | [potion of mutation]
 40364 | Elf:3    | Gained mutation: Your spells are easier to cast, but less
                  | powerful. [potion of mutation]
 40364 | Elf:3    | Gained mutation: Potions are less effective at restoring
                  | your health. [potion of mutation]
 40365 | Elf:3    | Lost mutation: You expend magic power (3 MP) to strengthen
                  | your wands. [potion of mutation]
 40365 | Elf:3    | Lost mutation: Potions are less effective at restoring your
                  | health. [potion of mutation]
 40365 | Elf:3    | Lost mutation: Your spells are easier to cast, but less
                  | powerful. [potion of mutation]
 40365 | Elf:3    | Gained mutation: You expend magic power (3 MP) to
                  | strengthen your wands. [potion of mutation]
 40366 | Elf:3    | Lost mutation: Your spells are a little easier to cast, but
                  | a little less powerful. [potion of mutation]
 40366 | Elf:3    | Lost mutation: You expend magic power (3 MP) to strengthen
                  | your wands. [potion of mutation]
 40366 | Elf:3    | Gained mutation: You are frail. (-10% HP) [potion of
                  | mutation]
 40366 | Elf:3    | Gained mutation: You expend magic power (3 MP) to
                  | strengthen your wands. [potion of mutation]
 40366 | Elf:3    | Gained mutation: You have a pair of small antennae on your
                  | head. [potion of mutation]
 40366 | Elf:3    | Gained mutation: You have sharp toenails. [potion of
                  | mutation]
 40367 | Elf:3    | Lost mutation: You expend magic power (3 MP) to strengthen
                  | your wands. [potion of mutation]
 40367 | Elf:3    | Lost mutation: You are frail. (-10% HP) [potion of
                  | mutation]
 40367 | Elf:3    | Gained mutation: Your spells are a little harder to cast,
                  | but a little more powerful. [potion of mutation]
 40413 | Elf:3    | Identified the +8 longbow "Xutup" {drain, rElec Int+2}
 40649 | Vaults:1 | Entered Level 1 of the Vaults
 40655 | Vaults:1 | Gained mutation: Your hexes are more powerful. [demonic
                  | ancestry]
 40655 | Vaults:1 | Reached XP level 20. HP: 159/172 MP: 25/34
 40878 | Vaults:1 | Found Zyigeys's Magic Scroll Shoppe.
 40902 | Vaults:1 | Bought a scroll of acquirement for 624 gold pieces
 40903 | Vaults:1 | Acquired the +0 pair of fencer's gloves {Riposte Dex+3}
 40903 | Vaults:1 | Found the +0 pair of fencer's gloves {Riposte Dex+3}
 41206 | Vaults:1 | Identified the +7 short sword of Conflict {heavy, Will+}
 41452 | Vaults:1 | Reached skill level 10 in Shields
 41688 | Vaults:1 | Identified the staff of cold "Foul" {rC+ Str+5 Dex+3}
 42678 | Vaults:1 | Identified the +0 scale mail of Zuocul {rN+ Int+2 Stlth+}
 43001 | Vaults:2 | Gained mutation: You have claws for hands. [demonic
                  | ancestry]
 43001 | Vaults:2 | Reached XP level 21. HP: 121/183 MP: 18/35
 43177 | Vaults:2 | Identified the +8 sling "Z" {flame, Str+3}
 44267 | Vaults:3 | Found a staircase to the Crypt.
 45349 | Vaults:3 | Gained mutation: You are powered by pain. [demonic
                  | ancestry]
 45349 | Vaults:3 | Reached XP level 22. HP: 194/194 MP: 28/37
 45401 | Vaults:4 | Acquired 965 gold pieces
 45501 | Vaults:4 | Found a flickering gateway to a bazaar.
 45509 | Bazaar   | Entered a bazaar
 45509 | Bazaar   | Found Loliteno's Antique Armour Emporium.
 45509 | Bazaar   | Found Totwios's Jewellery Emporium.
 45643 | Bazaar   | Found Kihomi Xidi's Magic Scroll Shoppe.
 45651 | Bazaar   | Found Hiaggah's Antique Weapon Shoppe.
 45662 | Bazaar   | Found Qiuprath's General Store.
 45685 | Bazaar   | Bought a crystal war axe for 221 gold pieces
 45685 | Bazaar   | Identified the +0 war axe "Dragonslayer" {speed, Stlth+}
                  | (You bought it in a shop in a bazaar)
 45711 | Bazaar   | Bought a masterwork ring mail for 216 gold pieces
 45711 | Bazaar   | Identified the +4 ring mail of Ignis's Favour {Rampage
                  | rCorr} (You bought it in a shop in a bazaar)
 46099 | Vaults:4 | Gained mutation: Your demonic aura causes all spilled blood
                  | to erupt in flames. [demonic ancestry]
 46099 | Vaults:4 | Reached XP level 23. HP: 198/200 MP: 29/38
 47456 | Depths:1 | Found a one-way gate leading to the halls of Pandemonium.
 47783 | Depths:1 | Found a blossoming altar of Fedhas.
 47856 | Depths:1 | Found Dihuheuf's Antique Weapon Shoppe.
 47977 | Depths:1 | Found a gateway to Hell.
 48299 | Depths:1 | Found a runed translucent door.
 48300 | Depths:1 | Noticed Tutea's ghost (adept TrMo)
 48749 | D:3      | Killed Dittersdorf's ghost
 49004 | Snake:4  | Killed FizzleBangTC's ghost
 49573 | Depths:2 | Found a one-way gate to the infinite horrors of the Abyss.
 49786 | Depths:2 | Found Igoheawnyr's Book Emporium.
 49794 | Depths:2 | Found Qyryrut's Jewellery Shop.
 49795 | Depths:2 | Found Aqaorosemn's Book Emporium.
 50931 | Depths:2 | Got Kean's Parchment of the Roasted Anticline
 51148 | Depths:3 | Found a one-way gateway to a ziggurat.
 51387 | Depths:3 | Noticed Vv
 51409 | Depths:3 | Killed Vv
 51726 | Depths:3 | Noticed Grunn
 51731 | Depths:3 | Killed Grunn
 51967 | Depths:3 | Gained mutation: Your melee attacks may debilitate your
                  | foes. [demonic ancestry]
 51967 | Depths:3 | Reached XP level 24. HP: 208/212 MP: 29/38
 52464 | Depths:3 | You fall into a shaft and drop 1 floor!
 52464 | Depths:4 | Entered Level 4 of the Depths
 52500 | Depths:4 | Noticed a juggernaut
 52508 | Depths:4 | Killed a juggernaut
 52853 | Depths:3 | Noticed Boris
 52892 | Depths:3 | Killed Boris
 53359 | Depths:3 | Identified the amulet of Fallacy {RegenMP Fly rN+ Will+
                  | Regen+}
 53610 | Depths:4 | Found a gate to the Realm of Zot.
 54459 | Slime:1  | Entered Level 1 of the Pits of Slime
 55067 | Slime:2  | Gained mutation: Your magical capacity is low. (-10% MP) [a
                  | shining eye]
 55119 | Slime:2  | Found a viscous altar of Jiyva.
 55802 | Slime:3  | Gained mutation: You are vulnerable to cold. (rC-) [a
                  | shining eye]
 56063 | Slime:5  | Entered Level 5 of the Pits of Slime
 56100 | Slime:5  | Noticed the Royal Jelly
 56113 | Slime:5  | Killed the Royal Jelly
 56245 | Slime:5  | Gained mutation: Armour fits poorly on your strangely
                  | shaped body. [a shining eye]
 56350 | Slime:5  | Gained mutation: You are occasionally teleported next to
                  | monsters. [a shining eye]
 56351 | Slime:5  | Gained mutation: You passively map a small area around you.
                  | [a shining eye]
 56379 | Slime:5  | Identified the +4 battleaxe "Concordance" {elec, rElec}
 56382 | Slime:5  | Identified the +2 broad axe of Res Nullius {freeze, Str+4}
 56471 | Slime:5  | Identified the staff of earth "Jilugec" {Dex+3}
 56489 | Slime:5  | Got a slimy rune of Zot
 56490 | Slime:5  | Identified the ring of the Sandy God {Fire Slay+5}
 56515 | Slime:5  | Identified the +2 great sword of Uncomfortable Rashes
                  | {speed, Fly Str-3 Int+7 Stlth+}
 56533 | Slime:5  | Identified the +2 robe "Zuxzik" {Int+6 Dex+6 Slay-3}
 56600 | Slime:4  | Reached skill level 15 in Shields
 57210 | Snake:3  | Bought a potion of mutation for 120 gold pieces
 57443 | Orc:2    | Bought a potion of mutation for 120 gold pieces
 57501 | Elf:1    | Bought a potion of mutation for 120 gold pieces
 57558 | Elf:2    | Bought a potion of mutation for 128 gold pieces
 57558 | Elf:2    | Bought the +4 scale mail of Foiptu {rPois rF+ rC++ Stlth-}
                  | for 932 gold pieces
 57884 | Vaults:4 | Gained mutation: You are weak. (Str -2) [mutagenic glow]
 57895 | Vaults:4 | Lost mutation: You are vulnerable to cold. (rC-) [potion of
                  | mutation]
 57895 | Vaults:4 | Lost mutation: You are weak. (Str -2) [potion of mutation]
 57895 | Vaults:4 | Lost mutation: Your magical capacity is low. (-10% MP)
                  | [potion of mutation]
 57895 | Vaults:4 | Gained mutation: Your mind is acute. (Int +4, Str/Dex -1)
                  | [potion of mutation]
 57896 | Vaults:4 | Lost mutation: You have a pair of small antennae on your
                  | head. [potion of mutation]
 57896 | Vaults:4 | Lost mutation: Your mind is acute. (Int +4, Str/Dex -1)
                  | [potion of mutation]
 57896 | Vaults:4 | Lost mutation: Your spells are a little harder to cast, but
                  | a little more powerful. [potion of mutation]
 57896 | Vaults:4 | Gained mutation: Your spells are a little harder to cast,
                  | but a little more powerful. [potion of mutation]
 57896 | Vaults:4 | Gained mutation: You have a pair of small horns on your
                  | head. [potion of mutation]
 57897 | Vaults:4 | Lost mutation: Your spells are a little harder to cast, but
                  | a little more powerful. [potion of mutation]
 57897 | Vaults:4 | Lost mutation: You passively map a small area around you.
                  | [potion of mutation]
 57897 | Vaults:4 | Gained mutation: You are robust. (+10% HP) [potion of
                  | mutation]
 57898 | Vaults:4 | Lost mutation: You have a pair of small horns on your head.
                  | [potion of mutation]
 57898 | Vaults:4 | Lost mutation: You are occasionally teleported next to
                  | monsters. [potion of mutation]
 57898 | Vaults:4 | Lost mutation: Armour fits poorly on your strangely shaped
                  | body. [potion of mutation]
 57898 | Vaults:4 | Gained mutation: You are very robust. (+20% HP) [potion of
                  | mutation]
 57898 | Vaults:4 | Gained mutation: Your movements are slightly less
                  | encumbered by armour. (ER -2) [potion of mutation]
 57898 | Vaults:4 | Gained mutation: Your muscles are strong. (Str +4, Int/Dex
                  | -1) [potion of mutation]
 57998 | Vaults:5 | Entered Level 5 of the Vaults
 58003 | Vaults:5 | Reached XP level 25. HP: 163/267 MP: 30/39
 58747 | Vaults:5 | Identified the staff of conjuration "Fatrol" {+Blink}
 58919 | Vaults:5 | Found the +12 glaive of Prune {freeze, Prune}
 58951 | Vaults:5 | Identified the +4 glaive of Fylaid {elec, rCorr Dex+2
                  | Stlth+}
 58958 | Vaults:5 | Got the Codex of the Assembled Crypt
 58964 | Vaults:5 | Identified the ring "Lilai" {rPois Will+ rCorr Str+3}
 59071 | Vaults:5 | Found Joh Epn's Magic Scroll Shop.
 59071 | Vaults:5 | Found Neinuehy's Magic Scroll Shoppe.
 59076 | Vaults:5 | Bought a scroll of enchant weapon for 157 gold pieces
 59320 | D:15     | You paid a toll of a +6 demon whip to enter a treasure
                  | trove
 59321 | Trove    | Entered a treasure trove
 59325 | Trove    | Found the +3 warlock's mirror {omnireflect}
 59332 | Trove    | Identified the +1 buckler of the Kettle-Drum {Harm rF+}
 59334 | Trove    | Identified the +1 plate armour of Negligence {Harm rElec
                  | Str+2}
 59339 | Trove    | Identified the +5 scale mail of Ibbuec {rF- rC- rCorr
                  | Str+4}
 59342 | Trove    | Identified the +0 pair of boots "Ruckeal" {rElec Str-2
                  | Slay+5 Stlth+}
 59343 | Trove    | Identified the +0 scale mail of Plog {Rampage rN+ Will-
                  | Int+4}
 59345 | Trove    | Identified the +3 kite shield "Muntoxzi" {rPois Int-5 Dex+7
                  | Slay-6}
 59741 | Vaults:5 | Bought a scroll of teleportation for 39 gold pieces
 59741 | Vaults:5 | Bought a scroll of teleportation for 39 gold pieces
 59741 | Vaults:5 | Bought a scroll of teleportation for 39 gold pieces
 59852 | Vaults:5 | Identified the staff of cold "Qegoitaobi" {rElec rC+ Str+2}
 59855 | Vaults:5 | Identified the +2 scimitar of Uskayaw, Feeding {freeze,
                  | Fragile MP+9 Int+4 Dex+3}
 60143 | Vaults:5 | Found Seuskon's Magic Scroll Boutique.
 60148 | Vaults:5 | Bought a scroll of teleportation for 60 gold pieces
 60148 | Vaults:5 | Bought a scroll of teleportation for 60 gold pieces
 60148 | Vaults:5 | Bought a scroll of teleportation for 60 gold pieces
 60156 | Vaults:5 | Found Fysogg's Magic Scroll Emporium.
 60170 | Vaults:5 | Bought a scroll of teleportation for 45 gold pieces
 60170 | Vaults:5 | Bought a scroll of teleportation for 45 gold pieces
 60205 | Vaults:5 | Got a silver rune of Zot
 60222 | Vaults:5 | Found Fes Zah's Distillery.
 60631 | Depths:4 | Voluntarily entered the Abyss.
 60700 | Abyss:3  | Gained mutation: Your spells are a little easier to cast,
                  | but a little less powerful. [a cacodemon]
 60874 | Abyss:4  | Got an abyssal rune of Zot
 60956 | Abyss:4  | Gained mutation: You are surrounded by an aura of silence.
                  | [demonic ancestry]
 60956 | Abyss:4  | Reached XP level 26. HP: 173/282 MP: 30/39
 61039 | Abyss:5  | Found a corrupted altar of Lugonu.
 61053 | Depths:4 | Escaped the Abyss
 61176 | Zot:1    | Entered Level 1 of the Realm of Zot
 62597 | Zot:2    | Gained mutation: Armour fits poorly on your strangely
                  | shaped body. [mutagenic glow]
 62604 | Zot:2    | HP: 2/283 [death cob (19)]
 62606 | Zot:2    | Gained mutation: You are extremely robust. (+30% HP)
                  | [mutagenic glow]
 62608 | Zot:2    | Annihilated by a death cob

Illustrated notes

Levels and vault maps discovered:
D:1:      dpeg_arrival_pits, layout_loops_ring
D:2:      layout_basic
D:3:      layout_loops_corners, mainiacjoe_overflow_concentric_impassable,
          ebering_ecumenical_altar_rust, ebering_ghost_rock_garden
D:4:      layout_layer_cave, lemuel_round_altar, overflow_temple_1_default,
          nzn_wu_jian_council_hall, minmay_temple_entry_arrows,
          serial_bayou_ford_a
D:5:      layout_loops_ring, nicolae_qazlal_scattered_showers,
          kennysheep_slug_shrine, portal_sewer_entry_d, lightli_corner_chamber
D:6:      layout_rooms, mainiacjoe_overflow_paths, serial_bayou,
          serial_bayou_pond_d, serial_bayou_pond_d, serial_bayou_pond_b,
          serial_bayou_lagoon_a, serial_bayou_pond_b, uniq_prince_ribbit1
D:7:      layout_loops_cross, yredelemnul_altar_generic,
          hangedman_decor_clover_reticule, supply_closet_lemuel
D:8:      wad_woods_minihive, layout_basic, mainiacjoe_overflow_alcove_4,
          old_standard_altar, overflow_temple_1_default, lair_entry_dummy,
          kennysheep_generic_room_15, uniq_gastronok
D:9:      layout_roguey, serial_shops, shop, nicolae_shop_sticking_my_neck_out
D:10:     layout_stronghold, kennysheep_mini, nicolae_vehumet_altar_sigil,
          hiddenorc2_lemuel, st_stairs_9, chequers_hall_statues_y, uniq_lodul
D:11:     layout_basic, jiyva_altar_1, uniq_nergalle, uniq_urug
D:12:     layout_rooms
D:13:     layout_stronghold, grunt_vaults_entry_fortified, serial_shops,
          nicolae_shop_crystal, hangedman_decor_slide_cut, uniq_frances,
          uniq_nessos
D:14:     layout_loops_ring, ashenzari_conservatory_becter
D:15:     grunt_enter_depths_magical_seal, layout_basic,
          nicolae_dithmenos_the_darkroom, nicolae_trove_entry_free_sample,
          uniq_agnes
Lair:1:   layout_hall_layers, serial_bayou_shore_a, lemuel_fruit_tree,
          grunt_megastairs_3
Lair:2:   layout_misc_corridors, swamp_mist, nicolae_quartered_pool_little,
          uniq_fannar
Lair:3:   layout_loops_ring, dummy_snake_entry, grunt_megastairs_1
Lair:4:   layout_regular_city, minmay_slime_entry_pillars,
          portal_ice_cave_entry_ice_simulacra, serial_forest,
          infiniplex_forest_lined_4_way, infiniplex_forest_clump_curved,
          infiniplex_forest_lined_ring, infiniplex_forest_corner_1,
          infiniplex_forest_straight_3, infiniplex_forest_straight_4
Lair:5:   wormcave, layout_small_grid, hangedman_lair_in_review,
          infiniplex_staircase_pool_2
Swamp:1:  layout_basic_swamp, nicolae_swamp_round_clearing
Swamp:2:  layout_basic_swamp, hangedman_swamp_pad
Swamp:3:  layout_basic_swamp, basic_altar, uniq_mara
Swamp:4:  swamp_pestilence, layout_basic_swamp, swamp_pool5
Snake:1:  layout_grid_shapes, serial_nicolae_subway, nicolae_sub_station_stone,
          nicolae_sub_station_crystal, nicolae_sub_station_metal,
          serial_bayou_shore_b
Snake:2:  layout_onion_interference, serial_shops, shop, uniq_kirke,
          uniq_vashnia, uniq_nikola
Snake:3:  layout_cave_pods, nicolae_snake_the_dead_are_slithering,
          grunt_megastairs_4, minmay_shoptagon, uniq_mlioglotl
Snake:4:  grunt_snake_rune_pools, layout_chambers, ebering_ghost_gozag,
          serial_bayou_pond_b, uniq_donald
Slime:1:  layout_caves
Slime:2:  cheibrodos_slime_lost_civilization_1, layout_caves, basic_altar
Slime:3:  layout_caves
Slime:4:  layout_caves
Slime:5
Orc:1:    layout_diamond_mine, uniq_snorg
Orc:2:    st_orc_mages, layout_diamond_mine, serial_shops, shop,
          nicolae_shop_window_shopping, gauntlet_entry_generic,
          gammafunk_ghost_necromancy, basic_altar
Elf:1:    minmay_elf_arrival_plus, layout_geoelf_diagonals,
          hangedman_elven_crosses_minicolossus, minmay_shop_grid_forest,
          st_stairs_11, nicolae_elf_loose_elemental_storage
Elf:2:    nicolae_elf_blades_splatter_lattice [grunt_blade_entry_basic],
          layout_geoelf_diagonals, serial_shops, shop,
          nicolae_shop_behind_doors, nicolae_shop_clearance
Elf:3:    elf_hall_gauntlet_wide, layout_gridlike, serial_shops,
          nicolae_shop_bloodbath_and_beyond
Vaults:1: v_pattern_4, st_greater_box_4, hangedman_vaults_restitches,
          hangedman_vaults_restitches, ontoclasm_vaults_hangar, v_alt_pattern_5,
          nicolae_vaults_little_squares_1, ontoclasm_vaults_pinch,
          vaults_room_semicircle, layout_vaults_big_cross, serial_shops,
          nicolae_shop_temple_entry_statues_fountains
Vaults:2: nicolae_vaults_diagonal_hallway_8, vaults_dpeg_spiral,
          vaults_dpeg_diagonal, hangedman_vaults_snaps,
          ontoclasm_vaults_decontamination, ontoclasm_vaults_chip,
          nicolae_vaults_little_squares_5, vaults_dpeg_emergency_exit,
          layout_vaults_big_room
Vaults:3: minmay_crypt_entry_simple_statues, nicolae_vaults_little_squares_6,
          v_misc_3, v_misc_16, v_misc_28, v_misc_24,
          nicolae_vaults_network_square, ontoclasm_vaults_echo,
          vaults_mumra_hexcomb, hangedman_vaults_trim, v_alt_pattern_4,
          layout_vaults_maze_snakey
Vaults:4: v_misc_29, st_check, v_misc_31, hangedman_vaults_corner,
          vaults_room_stairs_pillars, vaults_dpeg_hooks,
          vaults_standard_mumra_x, v_misc_29, v_pattern_5,
          nicolae_vaults_little_squares_2, nicolae_vaults_little_squares_4,
          layout_vaults_ring, serial_shops, bzr_entry_water
Vaults:5: serial_shops
Depths:1: layout_cave_pools, pan_entry, hangedman_geh_valley, fedhas_altar_1,
          muffindrake_ghost_three_little_ghosts, serial_shops,
          nicolae_shop_trees, drop_trap, hangedman_decor_riveting,
          okawaru_gym_becter
Depths:2: minmay_the_grid_square_5x5_5x5_mashed
          [minmay_the_grid_square_5x5_hourglass,
          minmay_the_grid_square_5x5_six_small,
          minmay_the_grid_square_5x5_three_small, minmay_the_grid_square_5x5_c,
          minmay_the_grid_square_5x5_dogpile,
          minmay_the_grid_square_5x5_one_wall,
          minmay_the_grid_square_5x5_prize_itemx,
          minmay_the_grid_square_5x5_minimal,
          minmay_the_grid_square_5x5_prize_deathbox,
          minmay_the_grid_square_5x5_empty,
          minmay_the_grid_square_5x5_spiral_small,
          minmay_the_grid_square_5x5_comb,
          minmay_the_grid_square_5x5_prize_gold,
          minmay_the_grid_square_5x5_seven,
          minmay_the_grid_square_5x5_half_checkered,
          minmay_the_grid_square_5x5_meh, minmay_the_grid_square_5x5_prize_open,
          minmay_the_grid_square_5x5_six,
          minmay_the_grid_square_5x5_prize_pseudospiral,
          minmay_the_grid_square_5x5_two_walls_b,
          minmay_the_grid_square_5x5_two_small,
          minmay_the_grid_square_5x5_tetrominoes,
          minmay_the_grid_square_5x5_moneybag,
          minmay_the_grid_square_5x5_fancy_junction,
          minmay_the_grid_square_5x5_n], layout_cave_pools, pan_entry,
          hell_entry, minmay_room_of_horrors, kennysheep_crisscross,
          minmay_shop_grove, serial_bayou_shore_b
Depths:3: minmay_tri_stars, layout_cave_pools, enter_ziggurat_e,
          chequers_serial_rivers_micro_c, hell_entry,
          abyss_entry_small_statue_room, hallowed_hall,
          minmay_staircase_windowed_large, uniq_vv, uniq_grunn, uniq_boris
Depths:4: evilmike_zot_entry_basic, layout_gridlike, hell_entry, abyss_entry,
          minmay_misc_feat_tower, minmay_misc_feat_rows, nicolae_benzene_ring,
          grunt_decor_mini_mirrors
Zot:1:    layout_concentric_octagons
Zot:2:    dreamdust_black_sun_cult, layout_onion_interference,
          grunt_ministairs_12

Skill      XL: |  1  2  3  4  5  6  7  8  9 10 11 12 13 14 15 16 17 18 19 20 21 22 23 24 25 26 |
---------------+-------------------------------------------------------------------------------+-----
Axes           | 2 3 4 5 6 8 10 11 12 13 14 15 16 17 18 19 20 21 22 23 | 23.0
Invocations    | 1 2 4 5 7 9 10 12 13 14 16 17 18 20 21 22 23 24 25 | 25.6
Armour         | 3 4 5 7 8 9 10 11 | 11.7
Shields        | 3 4 5 6 7 8 9 10 11 12 13 15 16 | 16.8
Fighting       | 4 5 7 9 11 12 13 14 16 17 18 20 21 22 23 25 | 25.4
Dodging        | 1 2 3 4 6 7 8 9 10 11 12 13 14 | 14.0
Evocations     | 1 |  1.4
Spellcasting   | 1 |  1.3
Air Magic      | 1 |  1.2

Action                     |  1- 3 |  4- 6 |  7- 9 | 10-12 | 13-15 | 16-18 | 19-21 | 22-24 | 25-27 || total
---------------------------+-------+-------+-------+-------+-------+-------+-------+-------+-------++-------
  Melee: War axe           |   106 |   146 |   178 |   642 |   538 |       |       |       |       ||  1610
         Unarmed           |       |       |       |    10 |     1 |       |       |       |       ||    11
         Battleaxe         |       |       |       |       |    20 |       |       |       |       ||    20
         Broad axe         |       |       |       |       |   184 |   621 |   649 |   760 |   424 ||  2638
  Throw: Throwing net      |       |       |       |     6 |       |       |       |       |       ||     6
   Cast: Spider Form       |       |       |       |     2 |       |       |       |       |       ||     2
         Swiftness         |       |       |       |       |       |     2 |       |       |       ||     2
 Invoke: Stomp             |       |     7 |    17 |    57 |    54 |    14 |    13 |    15 |     3 ||   180
         Line Pass         |       |     1 |       |     6 |     6 |       |     2 |     9 |       ||    24
         Grand Finale      |       |       |     1 |     1 |     2 |     6 |    10 |    17 |     7 ||    44
Ability: Evoke Blink       |       |       |       |       |       |       |       |     1 |     1 ||     2
  Evoke: Wand              |       |       |     5 |     8 |    18 |     3 |       |     3 |     1 ||    38
         Lightning rod     |       |       |       |       |       |     3 |       |       |       ||     3
         Tin of tremorston |       |       |       |       |       |       |     2 |       |       ||     2
    Use: Scroll            |     4 |     5 |     4 |     8 |    13 |     6 |     6 |    10 |     7 ||    63
         Potion            |     1 |     1 |     3 |    13 |    12 |     6 |     8 |    12 |    11 ||    67
   Stab: Paralysed         |       |     1 |    25 |    50 |   101 |   115 |   123 |   159 |    82 ||   656
         Sleeping          |       |       |     1 |       |     4 |    24 |     7 |    17 |     1 ||    54
         Invisible         |       |       |     7 |     1 |     4 |       |       |       |       ||    12
         Confused          |       |       |       |     1 |     6 |       |     1 |     2 |       ||    10
         Distracted        |       |       |       |       |     1 |     3 |     4 |     3 |       ||    11
 Armour: Scale mail        |    69 |    89 |    76 |       |       |       |       |       |       ||   234
         Steam dragon scal |       |       |    49 |   205 |       |       |       |       |       ||   254
         Skin              |       |       |       |    43 |       |       |       |       |       ||    43
         Ring mail         |       |       |       |    57 |   392 |   248 |   178 |   132 |   126 ||  1133
         Plate armour      |       |       |       |       |    23 |       |       |       |       ||    23
  Dodge: Dodged            |    54 |    75 |   156 |   462 |   538 |   443 |   315 |   288 |   359 ||  2690
  Block: Buckler           |    32 |    45 |    81 |   182 |    96 |   233 |   130 |       |       ||   799
         Tower shield      |       |       |       |       |       |       |   479 |   958 |   671 ||  2108
Riposte: Broad axe         |       |       |       |       |       |       |    71 |       |       ||    71

Table legend: (Time is in decaauts)
 A = Elapsed time spent in this place.
 B = Non-inter-level travel time spent in this place.
 C = Inter-level travel time spent in this place.
 D = Time resting spent in this place.
 E = Time spent auto-exploring this place.
 F = Levels seen in this place.
 G = Mean time per level.
                   A        B        C        D        E       F      G
               +--------+--------+--------+--------+--------+-----+--------+
         Total |  63656 |  54384 |   9272 |   1264 |  42504 |  58 | 1097.5 |
       Dungeon |  19339 |  14875 |   4464 |    299 |  11913 |  15 | 1289.3 |
          Lair |   6165 |   5094 |   1071 |     28 |   4175 |   5 | 1233.0 |
         Swamp |   4468 |   4126 |    342 |    237 |   3190 |   4 | 1117.0 |
     Snake Pit |   6165 |   5731 |    434 |    102 |   4675 |   4 | 1541.2 |
    Slime Pits |   2731 |   2513 |    218 |      0 |   1923 |   5 |  546.2 |
  Orcish Mines |   1646 |   1049 |    597 |      0 |    766 |   2 |  823.0 |
   Elven Halls |   5236 |   4527 |    709 |    128 |   3510 |   3 | 1745.3 |
        Vaults |   8645 |   7635 |   1010 |    111 |   5784 |   5 | 1729.0 |
        Depths |   6312 |   5934 |    378 |    115 |   4942 |   4 | 1578.0 |
           Zot |   1463 |   1419 |     44 |    200 |    935 |   2 |  731.5 |
         Abyss |    475 |    475 |      0 |      0 |    149 |   4 |  118.8 |
        Bazaar |    219 |    219 |      0 |      0 |    157 |   1 |  219.0 |
         Trove |     36 |     36 |      0 |      0 |      6 |   1 |   36.0 |
         Sewer |    146 |    146 |      0 |      0 |    101 |   1 |  146.0 |
      Ice Cave |     77 |     77 |      0 |      0 |     46 |   1 |   77.0 |
      Gauntlet |    525 |    525 |      0 |     43 |    229 |   1 |  525.0 |
               +--------+--------+--------+--------+--------+-----+--------+

Top non-repeatable levels by time:
 Snake:4: 2467 daAuts
     D:8: 2392 daAuts
    D:13: 2368 daAuts
Vaults:1: 2365 daAuts
Depths:3: 2009 daAuts
   Elf:3: 1920 daAuts
Vaults:4: 1860 daAuts
   Elf:2: 1774 daAuts
Depths:2: 1753 daAuts
     D:9: 1662 daAuts
  Lair:5: 1643 daAuts
    D:10: 1564 daAuts
   Elf:1: 1542 daAuts
Vaults:3: 1537 daAuts
Vaults:2: 1527 daAuts
